 Dungeon Crawl Stone Soup version 0.23.0 (webtiles) character file.

Game seed: 16219435169182151566

7 LostNumber the Skirmisher (level 1, 0/18 HPs)
             Began as a Demonspawn Abyssal Knight on Feb 10, 2019.
             Was a Follower of Lugonu.
             Slain by a goblin (2 damage)
             ... on level 1 of the Dungeon.
             The game lasted 00:00:55 (400 turns).

LostNumber the Skirmisher (DsAK)                     Turns: 400, Time: 00:00:56

Health: 0/18       AC:  3    Str: 12    XL:     1   Next: 91%
Magic:  2/2        EV: 11    Int: 13    God:    Lugonu [*.....]
Gold:   34         SH:  0    Dex: 12    Spells: 0/0 levels left

rFire    . . .     SeeInvis .   a - +1 hand axe
rCold    . . .     Gourm    .   (no shield)
rNeg     . . .     Faith    .   b - +0 leather armour
rPois    .         Spirit   .   (no helmet)
rElec    .         Reflect  .   (no cloak)
rCorr    .         Harm     .   (no gloves)
MR       .....                  (no boots)
Stlth    ++........             (no amulet)
HPRegen  0.06/turn              c - ring of stealth (curse)
MPRegen  0.08/turn              (no ring)

@: no status effects
A: no striking features
a: Depart the Abyss, Renounce Religion


You were on level 1 of the Dungeon.
You worshipped Lugonu.
Lugonu was aware of your devotion.
You were not hungry.

You visited 1 branch of the dungeon, and saw 1 of its levels.
You visited the Abyss 1 time.

You collected 34 gold pieces.

Inventory:

Hand Weapons
 a - a +1 hand axe (weapon)
Armour
 b - a +0 leather armour (worn)
 h - a +0 pair of boots
   (You found it on level 1 of the Dungeon)
Jewellery
 c - a cursed ring of stealth (left hand)
   (You found it on level 1 of the Dungeon)
 k - an uncursed ring of see invisible {unknown}
   (You found it on level 1 of the Dungeon)
Scrolls
 f - a scroll of blinking {unknown}
 g - a scroll of noise {unknown}
 i - a scroll of remove curse {unknown}
Potions
 d - a potion of curing {unknown}
 j - a potion of lignification {unknown}
Comestibles
 e - 4 rations {!d}


   Skills:
 + Level 3.1 Fighting
 * Level 2.1 Axes
 - Level 1.7 Armour
 - Level 0.8 Dodging
 + Level 2.7 Invocations


You couldn't memorise any spells.
You didn't know any spells.
Your spell library was empty.

Dungeon Overview and Level Annotations

Branches:
Dungeon (1/15)

Altars:


Message History

A leopard gecko is nearby!
Found a scroll labeled IXZEGE TUQIEGY.
A goblin comes into view.
The goblin shouts!
The leopard gecko hisses angrily.
A leopard gecko comes into view.
The leopard gecko barely misses you.
You miss the leopard gecko. You miss the goblin.
The leopard gecko bites you but does no damage.
The goblin misses you.
The leopard gecko bites you but does no damage.
You hit the leopard gecko. You closely miss the goblin.
The goblin barely misses you. The leopard gecko bites you.
You barely miss the leopard gecko. You closely miss the goblin.
The goblin misses you.
The leopard gecko bites you but does no damage. x2
You hit the leopard gecko. x2; You closely miss the goblin.
The leopard gecko bites you but does no damage.
The goblin barely misses you. The leopard gecko bites you.
The leopard gecko completely misses you.
The goblin barely misses you.
Unknown command.
Unknown command.
The leopard gecko misses you. The goblin hits you but does no damage.
The leopard gecko misses you.
You hit the leopard gecko.
You kill the leopard gecko!
Lugonu accepts your kill.
You barely miss the leopard gecko. The leopard gecko misses you.
The leopard gecko bites you.
You completely miss the leopard gecko.
The leopard gecko hisses menacingly.
The leopard gecko closely misses you.
You miss the leopard gecko.
The leopard gecko closely misses you. x2
You hit the leopard gecko but do no damage.
The leopard gecko bites you but does no damage.
You hit the leopard gecko.
The leopard gecko bites you but does no damage.
The leopard gecko bites you.
* * * LOW HITPOINT WARNING * * *
You hit the leopard gecko.
You kill the leopard gecko!
Lugonu accepts your kill.
Unknown command.
You barely miss the goblin. The goblin hits you.
* * * LOW HITPOINT WARNING * * *
You closely miss the goblin. The goblin hits you.
* * * LOW HITPOINT WARNING * * *
You hit the goblin. The goblin hits you.
You die...

...........########..............
....#.......# ##.............
.....#...##.# ###...........
..........#.# #)..........
.........##.# #...........
......#####.## ###...........
...... #..# #.............
.....#######.#######)###.........
...............g@..........######
..........####.########
...........# #.# ...........# #.#
..#?.......# #.# #..#####..# #.#
... #....#.# .# ###....# ....


You could see a goblin.

Vanquished Creatures
  3 leopard geckos (D:1)
  2 kobolds (D:1)
5 creatures vanquished.

Notes
Turn   | Place    | Note
-------+----------+-------------------------------------------
     0 | Abyss:1  | LostNumber the Demonspawn Abyssal Knight began the quest
                  | for the Orb.
     0 | Abyss:1  | Reached XP level 1. HP: 18/18 MP: 2/2
    13 | D:1      | Escaped the Abyss
   400 | D:1      | Slain by a goblin

Skill      XL: |  1 |
---------------+----+-----
Axes           | 2 |  2.1
Fighting       | |  3.1
Armour         | |  1.7
Dodging        | |  0.8
Invocations    | |  2.7

Action                   || total
-------------------------++-------
Melee: Hand axe          ||    25
Armor: Leather armour    ||     9
Dodge: Dodged            ||    17
